 Dungeon Crawl Stone Soup version 0.31-a0-188-g5e087ee2ca (webtiles) character file.

Game seed: 4167026710545292121

28 qw the Shooter (level 2, 0/16 HPs)
             Began as a Deep Elf Hunter on June 23, 2023.
             Killed from afar by a goblin (9 damage)
             ... with a puff of flame
             ... on level 2 of the Dungeon.
             The game lasted 00:00:19 (963 turns).

qw the Shooter (Deep Elf Hunter)                     Turns: 963, Time: 00:00:19

Health: 0/16       AC:  5    Str:  8    XL:     2   Next: 96%
Magic:  4/4        EV: 10    Int: 13    God:
Gold:   53         SH:  0    Dex: 18    Spells: 1/1 levels left

rFire   . . .        Y - +0 shortbow
rCold   . . .        (shield currently unavailable)
rNeg    + . .        g - +0 ring mail
rPois   .            (no helmet)
rElec   .            (no cloak)
rCorr   .            (no gloves)
SInv    .            (no boots)
Will    .....        (no amulet)
Stlth   +            e - ring of positive energy
HPRegen 0.22/turn    (no ring)
MPRegen 0.09/turn

%: no passive effects
@: no status effects
A: no striking features
a: no special abilities


You were on level 2 of the Dungeon.
You visited 1 branch of the dungeon, and saw 2 of its levels.

You collected 53 gold pieces.


   Skills:
 - Level 1.5 Fighting
 + Level 6.6 Ranged Weapons
 - Level 2.4 Dodging
 - Level 1.2 Stealth


You had one spell level left.
You didn't know any spells.
Your spell library was empty.

Inventory:

Hand Weapons
 Y - a +0 shortbow (weapon)
Armour
 g - a +0 ring mail (worn)
Jewellery
 e - a ring of positive energy (left hand)
Scrolls
 a - a scroll of poison {unknown}
Potions
 b - a potion of resistance {unknown}
 c - a potion of brilliance {unknown}
 i - a potion of ambrosia {unknown}

Dungeon Overview and Level Annotations

Branches:
Dungeon (2/15)

Altars:
Xom


Message History

Enter note: You now have 53 gold pieces (gained 8).
A goblin comes into view.
It is wielding a +0 club and carrying a wand of flame (25).
Enter note: You shoot an arrow.
The arrow closely misses the goblin.
The goblin shouts!
You shoot an arrow. The arrow barely misses the goblin.
The goblin zaps a wand.
The puff of flame hits you!
Ouch! That really hurt!
946 ||| FLEEEEING.
947 ||| FLEEEEING.
948 ||| FLEEEEING.
949 ||| FLEEEEING.
950 ||| FLEEEEING.
Enter note:
951 ||| STILL FLEEEEING.
Enter note:
952 ||| STILL FLEEEEING.
Enter note:
953 ||| STILL FLEEEEING.
Found 11 gold pieces.
Enter note:
954 ||| STILL FLEEEEING.
Enter note:
955 ||| STILL FLEEEEING.
956 ||| STILL FLEEEEING.
Enter note:
957 ||| STILL FLEEEEING.
Enter note:
958 ||| FLEEEEING.
Enter note:
959 ||| FLEEEEING.
Enter note:
960 ||| FLEEEEING.
Enter note:
961 ||| FLEEEEING.
962 ||| STILL FLEEEEING.
963 ||| STILL FLEEEEING.
The goblin zaps a wand.
The puff of flame hits you!
Ouch! That really hurt!
You die...

....... #...........
#........... #.# .. #....
......#.#.# ..... ....
........#.# ...#.#.
#.#.##.##...##.# #.....$#
#.#....##...##.#
....##.####.##..@........#
#........##..............####
#...........#..............#####
#
#.....>....#..........#.......#
#
#[.....g...#..........#####....
###.#.....#.(###...###### ###..
.##.#..g...........# #...
.##.#.......#......## #...
..........#.........# #...


You could see a goblin.

Vanquished Creatures
  5 ball pythons
  A bat (D:1)
  4 endoplasms (D:1)
  A giant cockroach (D:1)
  3 hobgoblins (D:1)
  2 kobolds (D:1)
  2 quokkas (D:1)
  3 frilled lizards (D:1)
  2 goblins (D:1)
  A rat (D:1)
24 creatures vanquished.

Notes
Turn   | Place    | Note
-------+----------+-------------------------------------------
     0 | D:1      | qw the Deep Elf Hunter began the quest for the Orb.
     0 | D:1      | Reached XP level 1. HP: 12/12 MP: 3/3
     0 | D:1      | 0 ||| qw: Version: 0.3-a-9-g12657ce
     0 | D:1      | 0 ||| qw: Game counter: 4124
     0 | D:1      | 0 ||| qw: Always use a shield: true
     0 | D:1      | 0 ||| qw: God list: Okawaru
     0 | D:1      | 0 ||| qw: Allow faded altars: false
     0 | D:1      | 0 ||| qw: Do Orc after D:15 true
     0 | D:1      | 0 ||| qw: Do second Lair branch before Depths: true
     0 | D:1      | 0 ||| qw: Lair rune preference: random
     0 | D:1      | 0 ||| qw: Plans: Normal
     0 | D:1      | 0 ||| PLANNING D:1-11
   137 | D:1      | Reached XP level 2. HP: 16/16 MP: 4/4
   139 | D:1      | Reached skill level 6 in Ranged Weapons
   789 | D:1      | 789 ||| UPGRADING to +0 ring mail.
   799 | D:1      | 799 ||| DROPPING +0 leather armour.
   800 | D:1      | 800 ||| UPGRADING to ring of positive energy.
   801 | D:1      | 801 ||| READING scroll labelled COEDWO DYAF.
   802 | D:1      | 802 ||| READING scroll labelled FYSIES RUON.
   803 | D:1      | 803 ||| DRINKING 2 dark potions.
   842 | D:1      | 842 ||| DROPPING scroll of butterflies.
   843 | D:1      | 843 ||| DROPPING potion of lignification.
   925 | D:2      | Found a shimmering altar of Xom.
   946 | D:2      | 946 ||| FLEEEEING.
   947 | D:2      | 947 ||| FLEEEEING.
   948 | D:2      | 948 ||| FLEEEEING.
   949 | D:2      | 949 ||| FLEEEEING.
   950 | D:2      | 950 ||| FLEEEEING.
   958 | D:2      | 958 ||| FLEEEEING.
   959 | D:2      | 959 ||| FLEEEEING.
   960 | D:2      | 960 ||| FLEEEEING.
   961 | D:2      | 961 ||| FLEEEEING.
   963 | D:2      | Killed from afar by a goblin

Levels and vault maps discovered:
D:1:      wheals_arrival_shading, layout_basic, minmay_liquid_box
D:2:      minmay_angry_zag, layout_rooms, basic_altar

Skill      XL: |  1  2 |
---------------+-------+-----
Ranged Weapons | 6 |  6.6
Fighting       | |  1.5
Dodging        | |  2.4
Stealth        | |  1.2

Action                     || total
---------------------------++-------
   Fire: Shortbow          ||    50
    Use: Scroll            ||     2
         Potion            ||     1
 Armour: Leather armour    ||     1
  Dodge: Dodged            ||     2

Table legend:
 A = Non-vault XP
 B = Vault XP
 C = Vault XP percentage of total XP
 D = Non-vault monster count
 E = Vault monster count
 F = Vault count percentage of total count
                 A         B        C        D         E       F
            +---------+---------+-------+---------+---------+-------
      Total |      40 |       0 |   0.0 |      24 |       0 |   0.0
            +---------+---------+-------+---------+---------+-------
        D:1 |      38 |       0 |   0.0 |      23 |       0 |   0.0
        D:2 |       2 |       0 |   0.0 |       1 |       0 |   0.0
            +---------+---------+-------+---------+---------+-------
